Cogmind - Beta 16.1 @@@ ROGUE MODE // 2026.02.22 @ 11:53:34 Player: Legion Result: Destroyed by KY-0YQ(R) with Subdweller Machine Gun Performance ------------- Evolutions (0) 0 Regions Visited (3) 600 Robots Destroyed (28) 140 Value Destroyed (596) 596 Prototype IDs (2) 40 Alien Tech Used (0) 0 Bonus (0) 0 TOTAL SCORE: 1376 Bonus ------- None Cogmind --------- Core Integrity 0/250 Matter 299/300 Energy 89/100 System Corruption 0% Temperature Cool (16) Movement Walking (120) Location -10/Subcaves Parts ------- > --- POWER (1) -------- (None) > --- PROPULSION (2) --- Carbon-fiber Leg Myomer Leg > --- UTILITY (2) ------ Targeting Computer Targeting Computer > --- WEAPON (2) ------- Beamcaster Light Assault Rifle > --- INVENTORY (5) ---- Structural Scanner Subdweller Optics Experimental Sensor Array Terrain Scanner Targeting Computer Peak State ------------ > --- POWER ------------ Subdweller Power Source > --- PROPULSION ------- Carbon-fiber Leg Myomer Leg > --- UTILITY ---------- Targeting Computer Targeting Computer > --- WEAPON ----------- Beamcaster Light Assault Rifle > --- INVENTORY -------- Structural Scanner Experimental Sensor Array Terrain Scanner Targeting Computer [Rating: 21] Favorites ----------- Power Ion Engine Engine Ion Engine Propulsion Aluminum Leg Leg Aluminum Leg Utility Targeting Computer Device Terrain Scanner Processor Targeting Computer Weapon Light Assault Rifle Energy Gun Beamcaster Ballistic Gun Light Assault Rifle Build | -11 -10 -10 -10 ------- Run | Yrd Mat Min Sub Slots Evolved . | . . . . Power . | . . . . Propulsion . | . . . . Utility . | . . . . Weapon . | . . . . Parts Attached 27 | 10 10 3 4 Power 6 | 2 2 1 1 Engine 6 | 2 2 1 1 Core . | . . . . Reactor . | . . . . Propulsion 10 | 3 4 1 2 Treads . | . . . . Leg 10 | 3 4 1 2 Wheel . | . . . . Hover . | . . . . Flight . | . . . . Utility 6 | 2 3 1 . Device 4 | 2 2 . . Storage . | . . . . Processor 2 | . 1 1 . Hackware . | . . . . Protection . | . . . . Artifact . | . . . . Weapon 5 | 3 1 . 1 Energy Gun 1 | . . . 1 Energy Cannon . | . . . . Ballistic Gun 4 | 3 1 . . Ballistic Cannon . | . . . . Launcher . | . . . . Special Weapon . | . . . . Impact Weapon . | . . . . Slashing Weapon . | . . . . Piercing Weapon . | . . . . Special Melee Weapon . | . . . . Unidentified Prototypes . | . . . . Parts Lost 5 | . 3 . 2 Power 2 | . 1 . 1 Propulsion 1 | . . . 1 Utility 2 | . 2 . . Weapon . | . . . . Highest Loss Streak 2 | . 2 . 1 To Critical Strikes . | . . . . Average Backups 4 | . 4 5 4 Power . | . . . . Propulsion 1 | . 2 1 . Utility 2 | . . 2 4 Weapon . | . . 1 . Tool/Special . | . . . . Unused Backups 4 | . . . 4 Power . | . . . . Propulsion . | . . . . Utility 4 | . . . 4 Weapon . | . . . . Tool/Special . | . . . . Average Slot Usage (%) 97 | . 95 100 98 Engine 13 | . 13 14 14 Leg 27 | . 28 28 26 Device 7 | . 18 3 . Processor 18 | . 4 24 28 Energy Gun 2 | . . . 8 Ballistic Gun 25 | . 28 28 19 Peak Build Rating 21 | 9 9 8 21 Average Rating 9 | 4 7 7 15 On Entrance 6 | . 9 7 8 Avg Prop Armor Cover (%) . | . . . . Naked Turns . | . . . . Heaviest Build 11 | 11 11 9 11 Greatest Support 40 | 20 20 20 40 Greatest Overweight (x) . | . . . . Average Overweight (x) . | . . . . Largest Inventory Capacity 5 | 5 5 5 5 Average Capacity 5 | 5 5 5 5 Most Carried 5 | 5 5 5 5 Average Carried 4 | . 4 4 4 Final Capacity 5 | 5 5 5 5 Final Carried 5 | 5 5 5 5 Class Distribution -------------------- 79% | Scavenger-Mutant 20% | Mutant Dominant Class ---------------- Scavenger-Mutant | -10/Materials Scavenger-Mutant | -10/Mines Scavenger-Mutant | -10/Subcaves Resources | -11 -10 -10 -10 ----------- Run | Yrd Mat Min Sub Matter Collected 897 | 210 522 91 74 Remotely . | . . . . Salvage Created 848 | 38 472 148 190 Parts 56 | 4 26 9 17 Haulers Intercepted . | . . . . Recyclers Shooed 1 | . 1 . . Parts Field Recycled . | . . . . Retrieved Matter . | . . . . Parts Self-Destructed 20 | . . . 20 Prevented . | . . . . Parts Restored . | . . . . Kills | -11 -10 -10 -10 ------- Run | Yrd Mat Min Sub Combat Hostiles Destroyed 23 | 1 12 5 5 Guns 23 | 1 12 5 5 Classes Destroyed 7 | 1 4 . 2 Worker 2 | . 2 . . Recycler 1 | . 1 . . Turret 1 | . . . 1 Watcher 1 | . 1 . . Swarmer 12 | . 6 3 3 Grunt 9 | 1 6 2 . Subdweller 2 | . . . 2 Best Kill Streak 5 | 1 5 3 3 Combat Bots Only 3 | 1 3 3 3 Max Kills in Single Turn 2 | 1 1 1 2 Gunslinging 1 | . . . 1 Exploded . | . . . . Melee . | . . . . Uniques/NPCs Destroyed . | . . . . Combat | -11 -10 -10 -10 -------- Run | Yrd Mat Min Sub Hostile Shots Fired 157 | 7 86 16 48 Missed 45 | 1 20 6 18 Hits 112 | 6 66 10 30 Projectile 112 | 6 66 10 30 Critical Strikes 3 | . . . 3 Damage Taken 1372 | 62 693 132 485 Core 255 | 10 124 . 121 Absorbed by Shields . | . . . . Regen/Repaired (Parts) 90 | . 90 . . Core Remaining (%) 96 | 96 . . . Volleys Fired 111 | 5 70 13 23 Largest 2 | 2 2 2 2 Hottest 95 | 40 40 40 95 Shots Fired 222 | 10 140 26 46 Gun 222 | 10 140 26 46 Cannon . | . . . . Launcher . | . . . . Special . | . . . . Kinetic 203 | 10 140 26 27 Thermal 19 | . . . 19 Explosive . | . . . . Electromagnetic . | . . . . Robot Hit Streak 14 | 4 7 5 14 Robot Miss Streak 4 | 3 4 2 4 Penetration Max . | . . . . Secondary Targets 6 | . 3 2 1 Max Gunslinging Chain 1 | . 1 1 1 Shots Hit Robots 124 | 5 73 16 30 Core Hits 50 | 2 27 11 10 Critical Kills 1 | . . 1 . Critical Parts Destroyed 2 | . 2 . . Critical Strikes 4 | . 2 1 1 Burn 1 | . . . 1 Destroy 3 | . 2 1 . Melee Attacks . | . . . . Impact . | . . . . Slashing . | . . . . Piercing . | . . . . Sneak Attacks . | . . . . Combat Hostiles . | . . . . Follow-up Attacks . | . . . . Damage Inflicted 1375 | 67 752 154 402 Guns 1368 | 67 745 154 402 Cannons . | . . . . Explosions . | . . . . Melee . | . . . . Ramming 7 | . 7 . . Kinetic 1112 | 67 745 154 146 Thermal 256 | . . . 256 Explosive . | . . . . Electromagnetic . | . . . . Impact . | . . . . Slashing . | . . . . Piercing . | . . . . Highest Corruption . | . . . . Average Corruption . | . . . . Corruption Purged . | . . . . Corruption Blocked . | . . . . Overload Shots . | . . . . Overflow Damage . | . . . . Projectiles . | . . . . Explosions . | . . . . Melee . | . . . . Knockbacks . | . . . . Impact . | . . . . Kinetic . | . . . . Secondary . | . . . . Self-Inflicted Damage . | . . . . Shots . | . . . . Rammed . | . . . . Targets Rammed 2 | . 2 . . Kicked 2 | . 2 . . Crushed . | . . . . Highest Temperature 37 | . 8 10 37 Average Temperature 8 | . 3 5 12 Received Heat Transfer 393 | 36 261 57 39 Siege Activations . | . . . . Martial Activations . | . . . . Shielding Activations . | . . . . Robots Disrupted . | . . . . Combat Hostiles . | . . . . Robots Corrupted . | . . . . Combat Hostiles . | . . . . Parts Fried . | . . . . Impact Corruptions . | . . . . Robots Melted . | . . . . Combat Hostiles . | . . . . Parts Melted . | . . . . Heat Transferred 518 | . . . 518 Parts Sabotaged . | . . . . Parts Stolen . | . . . . Parts Stripped . | . . . . Power Chain Reactions . | . . . . Alert | -11 -10 -10 -10 ------- Run | Yrd Mat Min Sub Maximum Alert Level . | . . . . Low Security (%) 100 | 100 100 100 . Level 1 . | . . . . Level 2 . | . . . . Level 3 . | . . . . Level 4 . | . . . . Level 5 . | . . . . High Security . | . . . . Max Security . | . . . . Peak Influence 140 | 20 140 70 . Initial 6 | . 6 . . Average 34 | 3 57 12 . Influence Increases 610 | 20 330 125 135 Destroy 0b10 Robot/C 440 | 20 240 100 80 Destroy 0b10 Robot/NC 25 | . 20 5 . Destroy Leader 82 | . 52 20 10 Successful Hack 3 | . 3 . . Disable Machine 15 | . 15 . . Lose Combat Pursuer 45 | . . . 45 Influence Decreases 541 | 10 338 127 66 Entered New Map 6 | . 4 2 . Time Decay 495 | 10 304 125 56 Lost Part 40 | . 30 . 10 Squads Dispatched 3 | . 3 . . Investigation 1 | . 1 . . Extermination . | . . . . Reinforcement 2 | . 2 . . Assault . | . . . . Garrison . | . . . . Intercept . | . . . . Searches Triggered . | . . . . Construction Impeded . | . . . . Haulers Reinforced . | . . . . Active Scanning Responses . | . . . . Cargo Convoy Interrupts . | . . . . Stealth | -11 -10 -10 -10 --------- Run | Yrd Mat Min Sub Distress Signals 1 | . 1 . . Communications Jammed . | . . . . Distress Signals . | . . . . Times Spotted 51 | 1 23 7 20 Peak Tracking Total 7 | 1 7 3 6 Tactical Retreats 2 | . . . 2 Traps | -11 -10 -10 -10 ------- Run | Yrd Mat Min Sub Traps Triggered 1 | . 1 . . Indirectly . | . . . . Trap Hack Attempts . | . . . . Triggered . | . . . . Disarmed . | . . . . Reprogrammed . | . . . . Reused . | . . . . Traps Extracted . | . . . . Installed . | . . . . Triggered . | . . . . Machines | -11 -10 -10 -10 ---------- Run | Yrd Mat Min Sub Machines Disabled 1 | . 1 . . Max in Single Turn 1 | . 1 . . Machines Repaired . | . . . . Machines Dismantled . | . . . . Machines Sabotaged . | . . . . Overloaded Fab Kills . | . . . . Hacking | -11 -10 -10 -10 --------- Run | Yrd Mat Min Sub Machines Accessed 7 | . 6 . 1 Terminals 4 | . 4 . . Fabricators . | . . . . Repair Stations 1 | . 1 . . Recycling Units 1 | . 1 . . Scanalyzers . | . . . . Garrison Access . | . . . . Total Hacks 14 | . 11 . 3 Successful 11 | . 8 . 3 Failed 3 | . 3 . . Catastrophic 1 | . 1 . . Database Lockouts . | . . . . Manual 3 | . 1 . 2 Terminals 7 | . 7 . . Fabricators . | . . . . Repair Stations 2 | . 2 . . Recycling Units 2 | . 2 . . Scanalyzers . | . . . . Garrison Access . | . . . . Terminal Hacks 8 | . 5 . 3 Record 6 | . 3 . 3 Prototype ID Bank 1 | . 1 . . Zone Layout 1 | . 1 . . Fabricator Hacks . | . . . . Repair Station Hacks 2 | . 2 . . Scan Component 1 | . 1 . . Repair 1 | . 1 . . Recycling Unit Hacks 1 | . 1 . . Report Inventory 1 | . 1 . . Scanalyzer . | . . . . Garrison Access Hacks . | . . . . Unauthorized Hacks . | . . . . Terminals . | . . . . Fabricators . | . . . . Repair Stations . | . . . . Recycling Units . | . . . . Scanalyzers . | . . . . Garrison Access . | . . . . Data Cores Recovered . | . . . . Used . | . . . . Hacking Detections 2 | . 2 . . Full Trace Events 1 | . 1 . . Feedback Events . | . . . . Feedback Blocked . | . . . . Robot Schematics Acquired . | . . . . Robots Built . | . . . . Authchips . | . . . . Time . | . . . . Total Robot Build Rating . | . . . . Part Schematics Acquired . | . . . . Parts Built . | . . . . Authchips . | . . . . Time . | . . . . Total Part Build Rating . | . . . . Part Studies Acquired . | . . . . Parts Repaired 1 | . 1 . . Time 26 | . 26 . . Parts Recycled . | . . . . Recycled Matter . | . . . . Retrieved Matter . | . . . . Retrieved Components . | . . . . Parts Scanalyzed . | . . . . Part Schematics Acquired . | . . . . Parts Damaged . | . . . . Bothacking | -11 -10 -10 -10 ------------ Run | Yrd Mat Min Sub Used RIF Installer . | . . . . Robots Hacked . | . . . . Non-combat . | . . . . Combat . | . . . . Robot Hacks Applied . | . . . . Relay Couplers Released . | . . . . Fabnet Peak Effective % . | . . . . Robots Rewired . | . . . . Allies Hacked . | . . . . Hacks Repelled . | . . . . Allies | -11 -10 -10 -10 -------- Run | Yrd Mat Min Sub Total Allies . | . . . . Largest Group . | . . . . Highest-Rated Group . | . . . . Highest-Rated Ally . | . . . . Total Orders . | . . . . Ally Attacks . | . . . . Total Damage . | . . . . Kills . | . . . . Allies Corrupted . | . . . . Allies Melted . | . . . . Intel | -11 -10 -10 -10 ------- Run | Yrd Mat Min Sub Active Infowar (turns) 759 | 17 576 166 . Terrain 754 | 13 575 166 . Seismic 241 | 17 224 . . Robot Analysis Total . | . . . . Derelict Logs Recovered 2 | . . 2 . Drone Launches . | . . . . Drone Recoveries . | . . . . Exploration | -11 -10 -10 -10 ------------- Run | Yrd Mat Min Sub Turns Passed 2086 | 93 718 612 663 Spaces Moved 1339 | 63 374 426 476 Core 20 | 20 . . . Treads . | . . . . Legs 1319 | 43 374 426 476 Wheels . | . . . . Hover . | . . . . Flight . | . . . . Fastest Speed 50 | 50 120 120 120 Average Speed 118 | 97 120 120 120 Slowest Speed 120 | 120 120 120 120 Overloaded Moves . | . . . . Propulsion Burnouts . | . . . . Robots Hopped . | . . . . Potential Cave-ins . | . . . . Cave-ins Triggered . | . . . . Exploration Rate (%) 49 | 6 66 84 40 Regions Visited 3 Branch Regions 2 Pre-discovered Areas . | . . . . Known Exits Taken 1 | . . 1 . Unknown Exits Taken 2 | 1 1 . . Scrap Searched . | . . . . Spaces Dug . | . . . . Terrain Destroyed . | . . . . Melee . | . . . . Projectile . | . . . . AOE . | . . . . Terrain Rammed . | . . . . Walls Destroyed . | . . . . Machines Disabled . | . . . . Actions | -11 -10 -10 -10 --------- Run | Yrd Mat Min Sub Total 1627 | 79 514 506 528 Wait 120 | . 45 57 18 Move 1336 | 62 373 425 476 Hop . | . . . . Pick Up 7 | 2 2 2 1 Fast Attach 13 | 7 2 1 3 Attach 4 | . 3 . 1 Detach 2 | . . 1 1 Swap 17 | 3 11 2 1 Drop 15 | . 6 5 4 Fire 111 | 5 70 13 23 Melee . | . . . . Ram . | . . . . Kick 2 | . 2 . . Crush . | . . . . Escape Stasis . | . . . . Rewire . | . . . . Trap . | . . . . Miscellaneous . | . . . . Route ------- -11/Scrapyard -10/Materials (discovered 3 exits: [*Mat x2] / [*Min]) -10/Mines (discovered 3 exits: [*Mat x2] / *Sub) -10/Subcaves (discovered 1 exit: [*Rec]) History --------- Turn | Location | Event 2 | -11/Scrapyard | Met Revision 17 55 | -11/Scrapyard | Discovered new exit (range 8) 94 | -11/Scrapyard | Entered Materials 292 | -10/Materials | Discovered new exit (range 6) 410 | -10/Materials | Core integrity fell below 50% 498 | -10/Materials | Discovered new exit (range 15) 657 | -10/Materials | Repaired Assault Rifle 666 | -10/Materials | Discovered new exit (range 15) 812 | -10/Materials | Entered Mines 860 | -10/Mines | Discovered new exit (range 12) 884 | -10/Mines | Learned location of 1 exit from Materials 961 | -10/Mines | Joined a pair of Derelicts in attacking an 0b10 outpost 1013 | -10/Mines | A weapon hastily lodged in a ceiling crevice suddenly fell to the ground 1059 | -10/Mines | Build established: Scavenger-Mutant 1098 | -10/Mines | Discovered new exit (range 7) 1111 | -10/Mines | Identified exit to Subcaves 1152 | -10/Mines | YI-UF0 nonchalantly dropped a Grenade Launcher on the ground 1410 | -10/Mines | Found a damaged Exp. Sensor Array with a note attached 1413 | -10/Mines | Found Prototype Device 1424 | -10/Mines | Entered Subcaves 1425 | -10/Subcaves | Approached by a straggling Scientist 1508 | -10/Subcaves | Ambushed by swarm of Subdwellers 1517 | -10/Subcaves | Shifting Twisted Machinery released Sub. Laser 1520 | -10/Subcaves | Shifting Twisted Machinery released Spk. Treads 1551 | -10/Subcaves | Lost 3 allies 1717 | -10/Subcaves | Visited Clippyterm 1720 | -10/Subcaves | Learned Factory fabricator intel 1773 | -10/Subcaves | A swath of the cavern ceiling suddenly collapsed 1813 | -10/Subcaves | A swath of the cavern ceiling suddenly collapsed 1988 | -10/Subcaves | Discovered new exit (range 10) 2078 | -10/Subcaves | Core integrity fell below 20% 2087 | -10/Subcaves | Destroyed by KY-0YQ(R) with Subdweller Machine Gun Last Messages --------------- 01970_ S-10 Pest springs to life. 01972_ Lgt. Ion Engine fries itself beyond repair. 01977_ S-10 Pest destroyed. 01978_ Destroyed Flight Unit. 01979_ S-10 Pest destroyed. 01985_ Acquired 4 matter. 01987_ Flight Unit fries itself beyond repair. 01988_ EXIT=FOUND 01990_ Acquired 1 matter. 01993_ Flight Unit fries itself beyond repair. 01993_ Autobeam Turret destroyed. 01996_ Acquired 1 matter. 01997_ Flight Unit fries itself beyond repair. 01997_ Autobeam Turret destroyed. 01998_ Lgt. Assault Rifle fries itself beyond repair. 01998_ Lgt. Ion Engine fries itself beyond repair. 01998_ Flight Unit fries itself beyond repair. 02001_ Autobeam fries itself beyond repair. 02074_ Z7-F4Z(g) destroyed. 02083_ Sub. Power Source destroyed. Map ----- +----------------------------------------------------+ | | | ?????????????????????????????????????????????????? | | ?????????????????????????????????????????????????? | | ?????????????????????????????????????????????????? | | ?????????????????????????????????????????????????? | | ?????????????????????????????????????????????????? | | ?????????????????????????????????????????????????? | | ?????????????????????????????????????????????????? | | ?????????????????????????????????????????????????? | | ?????????????????????????????????????????????????? | | ?????????????????????????????????????????????????? | | ?????????????????????????????????????????????????? | | ?????????????????????????????????????????????????? | | ?????????????????????????????????????????????????? | | ?????????????????????????????????????????????????? | | ?????????????????#####????##?????????????????????? | | ?????????????????? ####"#?????????????????????? | | ??????????????????? "?????????????????????? | | ???????????????????? ???????##????????????? | | ????????????????????? ?????## #????????????? | | ?????????????????????# ?????"" #????????????? | | ?????????????????????# ????"""" #????????????? | | ??????????????????#### ???#""" #????????????? | | ????????????????### RR#### " #?????????????? | | ?????????????#### " #??????????????? | | ?????????????# %@ "" #???????????????? | | ???????????### # # ##?????? #???????? | | ???????????# # ####"#??????? #???????? | | ???????????## ####??##?? #???????? | | ????????????###### ##??? ### #???????? | | ?????????????????## % #??# #????????? | | ????????????###???### ### ##???????? | | ????????#####<#####?## #???????? | | ???####?#"""" """"#??# #???????? | | ??# #?#"% " " "## ### #???????? | | ## ??#" % "# #?# #???????? | | ???# % # #####?# ### #???????? | | ???# #### #?????## ##??? #??????? | | ????#" "#??###????### #?????#??????? | | ########## ####?????????# #????????????? | | ## ## #% % #????????????# #????????????? | | %%% % #???????????## ## #???????????? | | % % % ####?????#### #? #???????????? | | # ## # # # ####### ##? #???????????? | | ######### # ## ##??# #???????????? | | #??????## #????###???????????? | | ## # #?????????????????? | | #### ???????????? | | # # # ##?# ??????????? | | ##### # % ### #?# ??????????? | +----------------------------------------------------+ Best States ------------- Heat Dissipation 35 Energy Generation 15 Energy Capacity 250 Matter Stores 300 Matter Capacity 300 Sight Range 16 Terrain Scan Range 16 Terrain Scan Density 10 Evasion (%) 55 Targeting Accuracy 10 Item Schematics ----------------- None Robot Schematics ------------------ None Fabricated ------------ Nothing Repaired ---------- Assault Rifle | 10% | -10/Materials Studied --------- None Alien Tech Used ----------------- None Achievements -------------- None Challenges ------------ None Game ------ Seed AuthchipTitaniumAnalyzer Manual? 0 Play Time 00:54:57 Cumulative 22.6 hours Start 2026.02.22 @ 10:16:03 End 2026.02.22 @ 11:53:34 Sessions 1 Manual Loads 0 Difficulty Rogue Special Mode None Game No. 19 Rogue 14 Adventurer 5 Explorer 0 Win Type - Total 0 Types 0/0/0/0/0/0/0/0/0/0 Lore% 12 Gallery% 20 Achievement% 17 Wizard Run 0 Options --------- Layout 0 ASCII 0 Keyboard 1 Movement Numpad Keybinds 0 Fullscreen 1 Font 24/Smallcaps Map View 76x50 Zoom Use 0% Tactical HUD 1 Map Filters NONE Filters NONE Steam 1 RUN: 69499868-82bd-433f-9f25-293f6d677064